[ AOE2 MATCH · #476920300 ]
UnrankedRomans vs Byzantines
[ REPLAY ANALYSIS · EXTRACTED FROM THE RECORDED GAME ]
Feudal
12:29
Castle
27:56
Imperial
55:15
| APM avg | 57.3 |
| APM peak | 121 |
| eAPM avg | 28.6 |
| Villagers / military | 225 / 648 |
Focus
⚔️ 45.1% · 🌾 54.9%
Scout Cavalry ×244 · Knight ×155 · Militia ×108 · Spearman ×106 · Skirmisher ×21 · Unknown (882) ×13
Feudal
12:30
Castle
23:51
Imperial
37:14
| APM avg | 57.9 |
| APM peak | 97 |
| eAPM avg | 25.6 |
| Villagers / military | 211 / 349 |
Focus
⚔️ 43.4% · 🌾 56.6%
Scout Cavalry ×153 · Genoese Crossbowman ×107 · Unknown (882) ×96 · Archer ×47 · Battering Ram ×20 · Bombard Cannon ×5
Feudal
14:42
Castle
—
Imperial
—
| APM avg | 15.0 |
| APM peak | 69 |
| eAPM avg | 9.9 |
| Villagers / military | 45 / 0 |
Focus
⚔️ 17.3% · 🌾 82.7%
Feudal
12:10
Castle
23:44
Imperial
45:56
| APM avg | 59.7 |
| APM peak | 113 |
| eAPM avg | 35.0 |
| Villagers / military | 204 / 473 |
Focus
⚔️ 33.1% · 🌾 66.9%
Camel Scout ×130 · Skirmisher ×121 · Scout Cavalry ×68 · Cataphract ×65 · Spearman ×49 · Archer ×15
Feudal
11:14
Castle
25:49
Imperial
46:45
| APM avg | 38.3 |
| APM peak | 80 |
| eAPM avg | 20.4 |
| Villagers / military | 246 / 315 |
Focus
⚔️ 46.3% · 🌾 53.7%
Skirmisher ×143 · Spearman ×119 · Archer ×32 · Unknown (2550) ×17 · Battering Ram ×16 · Trebuchet (Packed) ×3
Feudal
13:02
Castle
27:17
Imperial
59:57
| APM avg | 29.7 |
| APM peak | 59 |
| eAPM avg | 18.5 |
| Villagers / military | 258 / 251 |
Focus
⚔️ 39.4% · 🌾 60.6%
Rattan Archer ×130 · Skirmisher ×57 · Scout Cavalry ×32 · Archer ×23 · Scorpion ×3 · Battering Ram ×2
Match map
Initial resources + every placement click. Lines = walls · curves = elevation contours. ◆ gold · ⬟ stone · ● berries · ✦ relic · ◌ wall gap
Your base· Open — unwalled flank
SSx_KakashiXxX's base· Open — unwalled flank
SSx_Flexa's base· Open — unwalled flank
SS_T3q's base· Open — 8t gap
SSx_SnowwW's base· Open — unwalled flank
SSx_Sinistro's base· Open — unwalled flank
Smoothed initial terrain · ◌ = detected wall gap · hover for details
Inputs per minute
— SS_Spectro - - SSx_KakashiXxX
Build order — SS_Spectro
First 150 of 1002 actions detected
| 0:30 | Build | Town Center |
| 2:00 | Build | House |
| 2:49 | Create | Villager (Male) |
| 2:49 | Create | Villager (Male) |
| 2:50 | Create | Villager (Male) |
| 2:50 | Create | Villager (Male) |
| 2:50 | Create | Villager (Male) |
| 3:50 | Create | Villager (Male) |
| 4:08 | Create | Villager (Male) |
| 4:24 | Build | House |
| 4:40 | Create | Villager (Male) |
| 4:40 | Create | Villager (Male) |
| 5:05 | Create | Villager (Male) |
| 5:08 | Build | House |
| 5:26 | Create | Villager (Male) |
| 5:44 | Build | Lumber Camp |
| 5:49 | Create | Villager (Male) |
| 5:50 | Create | Villager (Male) |
| 5:50 | Create | Villager (Male) |
| 6:09 | Research | Loom |
| 6:11 | Create | Villager (Male) |
| 7:03 | Create | Villager (Male) |
| 7:09 | Build | House |
| 7:21 | Create | Villager (Male) |
| 7:21 | Create | Villager (Male) |
| 7:21 | Create | Villager (Male) |
| 7:21 | Create | Villager (Male) |
| 7:46 | Create | Villager (Male) |
| 7:46 | Create | Villager (Male) |
| 7:46 | Create | Villager (Male) |
| 8:04 | Create | Villager (Male) |
| 8:17 | Create | Villager (Male) |
| 8:17 | Create | Villager (Male) |
| 8:54 | Build | House |
| 9:37 | Build | Mill |
| 10:15 | Research | Feudal Age |
| 10:15 | Research | Feudal Age |
| 11:05 | Create | Villager (Male) |
| 11:15 | Build | Barracks |
| 11:20 | Build | Palisade Wall |
| 11:33 | Build | House |
| 11:37 | Build | Palisade Gate |
| 11:47 | Build | Palisade Wall |
| 11:49 | Create | Villager (Male) |
| 12:25 | Create | Villager (Male) |
| 12:29 | Age | Feudal Age |
| 12:30 | Research | Double-Bit Axe |
| 12:30 | Research | Double-Bit Axe |
| 12:42 | Create | Villager (Male) |
| 13:01 | Build | Stable |
| 13:08 | Create | Villager (Male) |
| 13:40 | Create | Scout Cavalry |
| 13:40 | Create | Scout Cavalry |
| 13:42 | Create | Villager (Male) |
| 13:46 | Build | Archery Range |
| 13:48 | Create | Villager (Male) |
| 14:08 | Create | Skirmisher |
| 14:08 | Create | Skirmisher |
| 14:16 | Create | Villager (Male) |
| 14:19 | Create | Skirmisher |
| 14:21 | Create | Scout Cavalry |
| 14:32 | Create | Skirmisher |
| 14:45 | Build | House |
| 14:55 | Create | Villager (Male) |
| 15:02 | Research | Horse Collar |
| 15:02 | Research | Horse Collar |
| 15:13 | Build | House |
| 15:15 | Build | Palisade Wall |
| 15:21 | Create | Scout Cavalry |
| 15:46 | Create | Skirmisher |
| 15:55 | Build | House |
| 16:09 | Create | Skirmisher |
| 16:12 | Create | Villager (Male) |
| 16:14 | Build | Blacksmith |
| 16:17 | Build | House |
| 16:18 | Build | House |
| 16:33 | Create | Villager (Male) |
| 16:35 | Build | Farm |
| 16:37 | Build | Farm |
| 16:40 | Build | Farm |
| 16:48 | Build | Farm |
| 16:49 | Create | Villager (Male) |
| 16:57 | Research | Fletching |
| 17:02 | Build | Palisade Wall |
| 17:06 | Build | House |
| 17:09 | Build | Palisade Wall |
| 17:14 | Build | Farm |
| 17:15 | Build | Farm |
| 17:17 | Create | Villager (Male) |
| 17:28 | Build | Farm |
| 17:36 | Create | Villager (Male) |
| 17:41 | Build | Farm |
| 17:42 | Build | Farm |
| 17:44 | Build | Mill |
| 17:58 | Create | Villager (Male) |
| 18:00 | Build | Farm |
| 18:01 | Build | Farm |
| 18:17 | Build | Farm |
| 18:24 | Build | Farm |
| 18:28 | Build | Farm |
| 18:34 | Create | Villager (Male) |
| 18:49 | Build | Farm |
| 18:51 | Build | Farm |
| 18:57 | Create | Villager (Male) |
| 19:07 | Build | Mining Camp |
| 19:10 | Create | Villager (Male) |
| 19:13 | Build | Farm |
| 19:14 | Build | Farm |
| 19:31 | Create | Skirmisher |
| 19:32 | Create | Skirmisher |
| 19:43 | Build | Farm |
| 19:43 | Build | Farm |
| 19:49 | Build | Farm |
| 20:08 | Build | Farm |
| 20:10 | Build | Farm |
| 20:12 | Create | Scout Cavalry |
| 20:12 | Create | Scout Cavalry |
| 20:17 | Build | Farm |
| 20:22 | Create | Scout Cavalry |
| 20:31 | Create | Villager (Male) |
| 20:51 | Create | Scout Cavalry |
| 21:07 | Create | Villager (Male) |
| 21:10 | Build | Farm |
| 21:23 | Build | Farm |
| 21:28 | Create | Villager (Male) |
| 21:36 | Build | Farm |
| 21:38 | Build | Farm |
| 21:40 | Build | House |
| 21:42 | Build | House |
| 21:44 | Build | House |
| 21:46 | Build | House |
| 21:56 | Create | Scout Cavalry |
| 22:00 | Build | House |
| 22:16 | Create | Scout Cavalry |
| 22:21 | Create | Villager (Male) |
| 22:22 | Create | Villager (Male) |
| 22:35 | Create | Villager (Male) |
| 22:39 | Research | Wheelbarrow |
| 22:46 | Create | Skirmisher |
| 22:46 | Create | Skirmisher |
| 23:01 | Create | Villager (Male) |
| 23:23 | Create | Scout Cavalry |
| 23:24 | Create | Scout Cavalry |
| 23:29 | Create | Skirmisher |
| 23:29 | Create | Skirmisher |
| 23:45 | Create | Villager (Male) |
| 23:50 | Research | Scale Barding Armor |
| 23:52 | Build | Stable |
| 24:36 | Create | Villager (Male) |
| 25:08 | Research | Castle Age |
Build order — SSx_KakashiXxX
First 150 of 830 actions detected
| 0:59 | Build | Town Center |
| 2:33 | Build | House |
| 2:48 | Create | Villager (Male) |
| 2:48 | Create | Villager (Male) |
| 2:48 | Create | Villager (Male) |
| 2:48 | Create | Villager (Male) |
| 3:17 | Build | Palisade Wall |
| 3:25 | Build | House |
| 4:10 | Build | House |
| 4:19 | Create | Villager (Male) |
| 4:41 | Build | House |
| 4:48 | Create | Villager (Male) |
| 4:53 | Build | Palisade Wall |
| 4:57 | Build | Palisade Wall |
| 4:58 | Research | Loom |
| 5:13 | Build | Lumber Camp |
| 5:26 | Build | Palisade Wall |
| 5:30 | Create | Villager (Male) |
| 5:33 | Build | Palisade Wall |
| 5:43 | Build | Palisade Wall |
| 5:44 | Build | Palisade Wall |
| 5:46 | Build | Palisade Wall |
| 5:47 | Build | Palisade Wall |
| 5:50 | Create | Villager (Male) |
| 5:50 | Create | Villager (Male) |
| 6:03 | Build | Palisade Wall |
| 6:17 | Create | Villager (Male) |
| 6:25 | Create | Villager (Male) |
| 6:43 | Create | Villager (Male) |
| 7:10 | Create | Villager (Male) |
| 7:14 | Build | House |
| 7:38 | Create | Villager (Male) |
| 7:42 | Build | Palisade Wall |
| 7:44 | Build | Palisade Wall |
| 7:47 | Build | Palisade Wall |
| 7:50 | Create | Villager (Male) |
| 7:53 | Build | Palisade Wall |
| 7:55 | Build | Palisade Wall |
| 8:02 | Build | Palisade Wall |
| 8:17 | Create | Villager (Male) |
| 8:30 | Create | Villager (Male) |
| 8:58 | Create | Villager (Male) |
| 9:36 | Build | Barracks |
| 9:42 | Create | Villager (Male) |
| 10:12 | Build | House |
| 10:16 | Create | Villager (Male) |
| 10:16 | Create | Villager (Male) |
| 10:20 | Research | Feudal Age |
| 10:30 | Build | Palisade Wall |
| 10:34 | Create | Militia |
| 10:39 | Create | Militia |
| 11:17 | Build | House |
| 11:36 | Create | Militia |
| 11:45 | Build | Palisade Wall |
| 11:54 | Build | Palisade Gate |
| 11:57 | Build | Palisade Wall |
| 12:00 | Build | Palisade Wall |
| 12:07 | Build | Palisade Wall |
| 12:08 | Build | Palisade Wall |
| 12:11 | Build | Palisade Wall |
| 12:13 | Build | Palisade Wall |
| 12:17 | Build | Palisade Wall |
| 12:21 | Create | Villager (Male) |
| 12:26 | Create | Villager (Male) |
| 12:30 | Age | Feudal Age |
| 12:30 | Research | Man-at-Arms (upgrade) |
| 12:38 | Create | Spearman |
| 12:56 | Research | Double-Bit Axe |
| 13:20 | Build | Archery Range |
| 13:24 | Create | Villager (Male) |
| 13:28 | Build | House |
| 13:35 | Create | Villager (Male) |
| 13:56 | Build | Mill |
| 14:09 | Create | Villager (Male) |
| 14:16 | Create | Villager (Male) |
| 14:26 | Create | Archer |
| 14:27 | Create | Archer |
| 14:58 | Create | Villager (Male) |
| 15:00 | Create | Skirmisher |
| 15:04 | Create | Villager (Male) |
| 15:17 | Build | Blacksmith |
| 15:20 | Build | House |
| 15:38 | Create | Villager (Male) |
| 15:44 | Build | Farm |
| 15:45 | Create | Villager (Male) |
| 15:46 | Create | Archer |
| 15:56 | Build | House |
| 16:14 | Research | Wheelbarrow |
| 16:32 | Research | Fletching |
| 16:36 | Build | Farm |
| 16:48 | Create | Villager (Male) |
| 16:57 | Create | Skirmisher |
| 17:08 | Build | Mill |
| 17:19 | Create | Archer |
| 17:34 | Create | Spearman |
| 17:37 | Create | Villager (Male) |
| 17:57 | Build | Mining Camp |
| 18:06 | Build | Palisade Wall |
| 18:13 | Create | Archer |
| 18:13 | Create | Villager (Male) |
| 18:26 | Build | Farm |
| 18:35 | Create | Villager (Male) |
| 18:41 | Create | Spearman |
| 18:47 | Create | Villager (Male) |
| 18:53 | Build | House |
| 19:09 | Create | Villager (Male) |
| 19:09 | Create | Archer |
| 19:16 | Build | Farm |
| 20:00 | Create | Villager (Male) |
| 20:09 | Build | Market |
| 20:12 | Create | Archer |
| 20:22 | Build | House |
| 20:26 | Create | Archer |
| 20:27 | Create | Villager (Male) |
| 21:11 | Research | Castle Age |
| 21:31 | Create | Archer |
| 21:32 | Create | Archer |
| 21:50 | Build | Archery Range |
| 22:01 | Create | Archer |
| 22:17 | Research | Gold Mining |
| 22:21 | Create | Archer |
| 22:44 | Build | Farm |
| 22:47 | Create | Villager (Male) |
| 22:50 | Build | Farm |
| 23:02 | Create | Archer |
| 23:09 | Create | Archer |
| 23:22 | Build | House |
| 23:25 | Build | House |
| 23:40 | Create | Archer |
| 23:51 | Age | Castle Age |
| 23:51 | Research | Crossbowman (upgrade) |
| 23:52 | Research | Bodkin Arrow |
| 24:11 | Create | Archer |
| 24:13 | Create | Archer |
| 24:15 | Create | Villager (Male) |
| 24:23 | Build | Town Center |
| 24:32 | Create | Villager (Male) |
| 24:33 | Create | Villager (Male) |
| 24:38 | Create | Villager (Male) |
| 24:46 | Build | Farm |
| 24:51 | Create | Archer |
| 24:52 | Create | Archer |
| 25:04 | Create | Villager (Male) |
| 25:12 | Build | Mining Camp |
| 25:26 | Create | Villager (Male) |
| 25:27 | Create | Archer |
| 25:27 | Create | Archer |
| 25:44 | Create | Archer |
| 25:44 | Create | Archer |
| 25:48 | Create | Villager (Male) |
Build order — SSx_Flexa
98 actions detected in the replay
| 0:24 | Build | Town Center |
| 2:26 | Build | House |
| 2:38 | Build | House |
| 2:45 | Create | Villager (Male) |
| 2:46 | Create | Villager (Male) |
| 2:46 | Create | Villager (Male) |
| 2:53 | Create | Villager (Male) |
| 3:14 | Build | House |
| 3:25 | Build | House |
| 4:02 | Build | House |
| 4:17 | Create | Villager (Male) |
| 5:13 | Create | Villager (Male) |
| 5:13 | Create | Villager (Male) |
| 5:13 | Create | Villager (Male) |
| 5:14 | Create | Villager (Male) |
| 5:43 | Build | Lumber Camp |
| 6:22 | Create | Villager (Male) |
| 6:46 | Create | Villager (Male) |
| 6:47 | Create | Villager (Male) |
| 6:47 | Create | Villager (Male) |
| 7:08 | Build | House |
| 7:12 | Build | House |
| 7:15 | Create | Villager (Male) |
| 7:15 | Create | Villager (Male) |
| 7:29 | Build | Palisade Wall |
| 7:39 | Build | Palisade Wall |
| 7:47 | Create | Villager (Male) |
| 7:59 | Build | Palisade Wall |
| 8:09 | Build | Palisade Wall |
| 8:09 | Create | Villager (Male) |
| 8:38 | Create | Villager (Male) |
| 9:14 | Build | Mining Camp |
| 9:16 | Create | Villager (Male) |
| 9:17 | Create | Villager (Male) |
| 9:29 | Build | Palisade Wall |
| 9:34 | Build | Palisade Wall |
| 9:48 | Create | Villager (Male) |
| 10:22 | Create | Villager (Male) |
| 10:22 | Create | Villager (Male) |
| 10:22 | Create | Villager (Male) |
| 10:25 | Create | Villager (Male) |
| 10:58 | Create | Villager (Male) |
| 11:24 | Create | Villager (Male) |
| 11:43 | Create | Villager (Male) |
| 11:56 | Research | Loom |
| 12:19 | Build | House |
| 12:32 | Research | Feudal Age |
| 12:39 | Build | House |
| 12:43 | Build | House |
| 12:54 | Build | Mill |
| 13:01 | Build | House |
| 13:05 | Build | House |
| 13:18 | Build | House |
| 13:23 | Build | House |
| 13:49 | Build | Farm |
| 13:51 | Build | Farm |
| 13:54 | Build | Farm |
| 14:00 | Build | Farm |
| 14:03 | Create | Villager (Male) |
| 14:25 | Build | Farm |
| 14:27 | Create | Villager (Male) |
| 14:38 | Create | Villager (Male) |
| 14:42 | Age | Feudal Age |
| 14:45 | Build | Watch Tower |
| 14:57 | Build | Farm |
| 15:04 | Build | Farm |
| 15:05 | Create | Villager (Male) |
| 15:08 | Build | House |
| 15:22 | Build | Watch Tower |
| 15:27 | Build | House |
| 15:33 | Build | House |
| 15:40 | Create | Villager (Male) |
| 15:55 | Build | Watch Tower |
| 16:04 | Build | House |
| 16:07 | Build | House |
| 16:10 | Build | House |
| 16:15 | Build | Palisade Wall |
| 16:42 | Build | Farm |
| 16:43 | Build | Farm |
| 16:50 | Build | Watch Tower |
| 17:05 | Create | Villager (Male) |
| 17:05 | Create | Villager (Male) |
| 18:10 | Create | Villager (Male) |
| 18:11 | Create | Villager (Male) |
| 18:11 | Create | Villager (Male) |
| 18:30 | Build | Watch Tower |
| 20:51 | Build | House |
| 21:11 | Create | Villager (Male) |
| 21:56 | Create | Villager (Male) |
| 22:51 | Create | Villager (Male) |
| 22:51 | Create | Villager (Male) |
| 23:17 | Build | Blacksmith |
| 23:22 | Create | Villager (Male) |
| 23:57 | Build | Market |
| 24:15 | Build | Lumber Camp |
| 24:27 | Create | Villager (Male) |
| 25:03 | Create | Villager (Male) |
| 25:09 | Build | House |
Build order — SS_T3q
First 150 of 913 actions detected
| 0:05 | Build | Town Center |
| 2:08 | Build | House |
| 2:21 | Create | Villager (Male) |
| 2:21 | Create | Villager (Male) |
| 2:21 | Create | Villager (Male) |
| 2:21 | Create | Villager (Male) |
| 3:52 | Create | Villager (Male) |
| 4:22 | Create | Villager (Male) |
| 4:22 | Create | Villager (Male) |
| 4:28 | Build | House |
| 5:11 | Research | Loom |
| 5:11 | Research | Loom |
| 5:28 | Build | House |
| 5:43 | Build | House |
| 5:50 | Create | Villager (Male) |
| 5:50 | Create | Villager (Male) |
| 6:23 | Create | Villager (Male) |
| 6:35 | Create | Villager (Male) |
| 6:48 | Build | Lumber Camp |
| 7:13 | Build | House |
| 7:19 | Create | Villager (Male) |
| 7:42 | Create | Villager (Male) |
| 8:17 | Create | Villager (Male) |
| 8:35 | Create | Villager (Male) |
| 8:59 | Create | Villager (Male) |
| 9:24 | Build | Barracks |
| 9:29 | Create | Villager (Male) |
| 9:58 | Research | Feudal Age |
| 10:13 | Create | Militia |
| 10:17 | Build | House |
| 10:39 | Create | Militia |
| 10:55 | Build | Mining Camp |
| 10:57 | Create | Militia |
| 11:04 | Build | House |
| 11:26 | Create | Villager (Male) |
| 11:56 | Create | Villager (Male) |
| 12:10 | Age | Feudal Age |
| 12:13 | Research | Man-at-Arms (upgrade) |
| 12:14 | Create | Villager (Male) |
| 12:26 | Build | Watch Tower |
| 12:36 | Create | Villager (Male) |
| 12:43 | Create | Militia |
| 13:05 | Create | Militia |
| 13:28 | Build | Mining Camp |
| 13:40 | Build | House |
| 13:42 | Create | Militia |
| 13:48 | Create | Villager (Male) |
| 13:53 | Research | Double-Bit Axe |
| 14:09 | Create | Militia |
| 15:02 | Create | Villager (Male) |
| 15:24 | Build | Watch Tower |
| 16:05 | Create | Villager (Male) |
| 16:10 | Create | Villager (Male) |
| 16:50 | Create | Villager (Male) |
| 16:54 | Build | Blacksmith |
| 17:01 | Build | House |
| 17:32 | Create | Militia |
| 17:55 | Build | Mill |
| 18:15 | Build | Watch Tower |
| 18:36 | Build | Lumber Camp |
| 18:37 | Create | Villager (Male) |
| 20:32 | Build | Stable |
| 21:00 | Research | Horse Collar |
| 21:04 | Research | Castle Age |
| 21:56 | Build | Stable |
| 22:45 | Create | Scout Cavalry |
| 22:46 | Create | Scout Cavalry |
| 22:52 | Build | Farm |
| 22:53 | Build | Farm |
| 22:53 | Build | Farm |
| 22:54 | Build | Farm |
| 22:55 | Build | Farm |
| 22:58 | Build | Farm |
| 23:03 | Build | Farm |
| 23:05 | Build | Farm |
| 23:09 | Build | Farm |
| 23:19 | Create | Scout Cavalry |
| 23:19 | Create | Scout Cavalry |
| 23:44 | Age | Castle Age |
| 23:49 | Research | Light Cavalry (upgrade) |
| 23:49 | Research | Light Cavalry (upgrade) |
| 23:55 | Build | Siege Workshop |
| 24:01 | Create | Villager (Male) |
| 24:18 | Create | Villager (Male) |
| 24:26 | Create | Scout Cavalry |
| 24:44 | Create | Mangonel |
| 24:50 | Create | Villager (Male) |
| 24:52 | Create | Scout Cavalry |
| 25:54 | Create | Mangonel |
| 25:57 | Create | Scout Cavalry |
| 25:57 | Create | Scout Cavalry |
| 26:02 | Create | Villager (Male) |
| 26:06 | Build | Town Center |
| 26:41 | Create | Mangonel |
| 26:46 | Create | Scout Cavalry |
| 26:46 | Create | Scout Cavalry |
| 26:54 | Build | House |
| 27:13 | Build | Palisade Gate |
| 27:16 | Build | House |
| 27:31 | Build | Palisade Wall |
| 27:46 | Create | Scout Cavalry |
| 27:46 | Create | Scout Cavalry |
| 28:16 | Create | Scout Cavalry |
| 28:16 | Create | Scout Cavalry |
| 28:25 | Create | Villager (Male) |
| 29:25 | Create | Villager (Male) |
| 29:26 | Create | Villager (Male) |
| 29:40 | Build | Town Center |
| 29:41 | Create | Villager (Male) |
| 29:47 | Build | Town Center |
| 30:07 | Create | Villager (Male) |
| 30:11 | Create | Villager (Male) |
| 30:11 | Create | Villager (Male) |
| 30:11 | Create | Villager (Male) |
| 30:37 | Create | Villager (Male) |
| 30:37 | Create | Villager (Male) |
| 30:42 | Research | Scale Barding Armor |
| 30:42 | Research | Scale Barding Armor |
| 30:59 | Build | Market |
| 31:00 | Create | Villager (Male) |
| 31:24 | Create | Villager (Male) |
| 31:25 | Create | Villager (Male) |
| 31:26 | Create | Villager (Male) |
| 31:43 | Create | Villager (Male) |
| 31:45 | Create | Villager (Male) |
| 31:45 | Create | Villager (Male) |
| 31:54 | Research | Bow Saw |
| 31:54 | Research | Bow Saw |
| 31:55 | Research | Heavy Plow |
| 32:18 | Build | Lumber Camp |
| 32:23 | Create | Villager (Male) |
| 32:29 | Build | Monastery |
| 32:30 | Create | Villager (Male) |
| 32:31 | Create | Villager (Male) |
| 32:51 | Create | Villager (Male) |
| 32:52 | Create | Villager (Male) |
| 32:52 | Create | Villager (Male) |
| 32:53 | Create | Villager (Male) |
| 33:19 | Create | Monk |
| 33:27 | Create | Villager (Male) |
| 33:28 | Create | Villager (Male) |
| 33:28 | Create | Villager (Male) |
| 33:33 | Build | House |
| 33:33 | Build | House |
| 33:34 | Build | House |
| 33:35 | Build | House |
| 33:44 | Build | Stable |
| 33:45 | Build | Stable |
| 33:46 | Build | Stable |
| 33:46 | Build | Stable |
Build order — SSx_SnowwW
First 150 of 581 actions detected
| 0:10 | Build | Town Center |
| 1:40 | Build | House |
| 2:12 | Build | Palisade Wall |
| 2:19 | Create | Villager (Male) ×4 |
| 2:24 | Build | Palisade Wall |
| 2:32 | Research | Loom |
| 2:35 | Build | Palisade Wall |
| 3:09 | Create | Villager (Male) |
| 3:10 | Create | Villager (Male) |
| 3:10 | Create | Villager (Male) |
| 3:23 | Build | Palisade Wall |
| 4:11 | Create | Villager (Male) |
| 4:24 | Create | Villager (Male) |
| 4:41 | Build | Palisade Wall |
| 4:45 | Create | Villager (Male) |
| 4:47 | Build | Palisade Wall |
| 5:11 | Create | Villager (Male) |
| 5:42 | Create | Villager (Male) |
| 5:44 | Create | Villager (Male) |
| 6:05 | Build | Settlement |
| 6:26 | Create | Villager (Male) |
| 7:10 | Create | Villager (Male) |
| 7:30 | Create | Villager (Male) |
| 7:32 | Build | Palisade Wall |
| 7:39 | Build | Palisade Wall |
| 8:11 | Create | Villager (Male) |
| 8:33 | Create | Villager (Male) |
| 9:04 | Research | Feudal Age |
| 9:51 | Build | Barracks |
| 10:01 | Build | Outpost |
| 10:11 | Build | Outpost |
| 10:59 | Build | Outpost |
| 11:14 | Age | Feudal Age |
| 11:16 | Create | Villager (Male) |
| 11:33 | Create | Villager (Male) |
| 11:37 | Build | Archery Range |
| 11:43 | Create | Villager (Male) |
| 11:53 | Build | Outpost |
| 11:55 | Research | Town Watch |
| 12:18 | Build | Watch Tower |
| 12:30 | Create | Archer |
| 12:33 | Create | Villager (Male) |
| 12:47 | Create | Archer |
| 12:48 | Create | Villager (Male) |
| 12:54 | Research | Double-Bit Axe |
| 12:58 | Build | Palisade Wall |
| 12:59 | Build | Palisade Wall |
| 12:59 | Build | Palisade Wall |
| 13:02 | Create | Villager (Male) |
| 13:13 | Create | Archer |
| 13:22 | Build | Palisade Wall |
| 13:26 | Build | Palisade Wall |
| 13:35 | Create | Villager (Male) |
| 13:36 | Create | Villager (Male) |
| 13:55 | Create | Villager (Male) |
| 13:59 | Build | House |
| 14:02 | Build | House |
| 14:14 | Create | Villager (Male) |
| 14:20 | Build | Settlement |
| 14:33 | Create | Spearman |
| 14:35 | Create | Archer |
| 14:39 | Create | Villager (Male) |
| 14:53 | Create | Unit 2550 |
| 15:06 | Create | Villager (Male) |
| 15:09 | Research | Horse Collar |
| 15:58 | Create | Villager (Male) |
| 15:59 | Build | Blacksmith |
| 16:14 | Create | Unit 2550 |
| 16:16 | Create | Unit 2550 |
| 16:16 | Research | Tech 1402 |
| 16:17 | Create | Villager (Male) |
| 16:52 | Build | Farm |
| 16:53 | Build | Farm |
| 16:58 | Research | Horse Collar |
| 17:24 | Research | Scale Mail Armor |
| 17:27 | Create | Archer |
| 17:28 | Create | Archer |
| 17:28 | Create | Archer |
| 17:34 | Create | Villager (Male) |
| 17:52 | Build | Farm |
| 17:56 | Research | Fletching |
| 18:00 | Create | Unit 2550 |
| 18:08 | Create | Archer |
| 18:15 | Create | Villager (Male) |
| 18:33 | Create | Villager (Male) |
| 18:37 | Build | Farm |
| 18:41 | Build | Farm |
| 18:54 | Build | Farm |
| 18:55 | Create | Villager (Male) |
| 19:01 | Create | Unit 2550 |
| 19:19 | Create | Unit 2550 |
| 19:19 | Create | Archer |
| 19:20 | Create | Archer |
| 19:47 | Create | Unit 2550 |
| 20:27 | Research | Forging |
| 20:28 | Create | Villager (Male) |
| 20:30 | Build | Farm |
| 21:06 | Create | Villager (Male) |
| 21:08 | Build | Farm |
| 21:31 | Build | Farm |
| 21:32 | Build | Farm |
| 21:34 | Build | Market |
| 21:41 | Build | Settlement |
| 22:00 | Create | Villager (Male) |
| 22:01 | Create | Villager (Male) |
| 22:17 | Create | Archer |
| 22:17 | Create | Archer |
| 22:17 | Create | Archer |
| 22:22 | Create | Villager (Male) |
| 22:34 | Create | Archer |
| 22:55 | Create | Unit 2550 |
| 23:07 | Create | Unit 2550 |
| 23:10 | Research | Castle Age |
| 23:30 | Create | Archer |
| 23:53 | Build | House |
| 23:55 | Build | House |
| 24:00 | Create | Unit 2550 |
| 24:41 | Build | Watch Tower |
| 24:47 | Create | Archer |
| 24:48 | Create | Archer |
| 24:52 | Build | House |
| 24:53 | Build | Palisade Wall |
| 24:59 | Build | Farm |
| 25:01 | Build | Farm |
| 25:10 | Build | Settlement |
| 25:17 | Create | Unit 2550 |
| 25:34 | Create | Unit 2550 |
| 25:47 | Build | Palisade Wall |
| 25:49 | Age | Castle Age |
| 25:56 | Research | Squires |
| 26:08 | Create | Villager (Male) |
| 26:08 | Create | Villager (Male) |
| 26:22 | Research | Crossbowman (upgrade) |
| 26:29 | Build | Barracks |
| 26:42 | Create | Villager (Male) |
| 26:46 | Research | Bodkin Arrow |
| 27:09 | Research | Padded Archer Armor |
| 27:26 | Build | Siege Workshop |
| 27:29 | Create | Archer |
| 27:30 | Create | Villager (Male) |
| 27:36 | Create | Villager (Male) |
| 27:46 | Create | Archer |
| 28:17 | Research | Chain Mail Armor |
| 28:18 | Create | Villager (Male) |
| 28:18 | Create | Villager (Male) |
| 28:20 | Create | Spearman |
| 28:27 | Build | Farm |
| 28:35 | Build | House |
| 29:01 | Create | Archer |
| 29:01 | Create | Archer |
Build order — SSx_Sinistro
First 150 of 726 actions detected
| 0:39 | Build | Town Center |
| 2:07 | Build | House |
| 2:58 | Build | Outpost |
| 2:58 | Create | Villager (Male) |
| 2:59 | Create | Villager (Male) |
| 2:59 | Create | Villager (Male) |
| 3:09 | Create | Villager (Male) |
| 3:23 | Build | House |
| 4:01 | Build | Lumber Camp |
| 4:11 | Create | Villager (Male) |
| 4:55 | Create | Villager (Male) |
| 5:23 | Create | Villager (Male) |
| 5:42 | Research | Loom |
| 6:29 | Create | Villager (Male) |
| 6:29 | Create | Villager (Male) |
| 6:30 | Create | Villager (Male) |
| 7:35 | Create | Villager (Male) |
| 7:45 | Create | Villager (Male) |
| 8:15 | Create | Villager (Male) |
| 8:36 | Build | House |
| 8:42 | Build | House |
| 8:47 | Create | Villager (Male) |
| 8:49 | Create | Villager (Male) |
| 9:10 | Create | Villager (Male) |
| 9:28 | Build | Barracks |
| 9:41 | Create | Villager (Male) |
| 10:29 | Build | Palisade Wall |
| 10:52 | Research | Feudal Age |
| 11:17 | Build | Mill |
| 12:27 | Build | Mining Camp |
| 13:02 | Age | Feudal Age |
| 13:04 | Create | Villager (Male) |
| 13:05 | Create | Villager (Male) |
| 13:17 | Build | Archery Range |
| 13:28 | Create | Villager (Male) |
| 13:39 | Create | Villager (Male) |
| 13:56 | Create | Villager (Male) |
| 14:00 | Create | Archer |
| 14:18 | Research | Double-Bit Axe |
| 14:20 | Create | Archer |
| 14:26 | Create | Villager (Male) |
| 14:39 | Build | Blacksmith |
| 14:45 | Create | Villager (Male) |
| 14:45 | Create | Villager (Male) |
| 14:48 | Build | House |
| 14:52 | Research | Wheelbarrow |
| 14:53 | Research | Town Watch |
| 15:18 | Create | Archer |
| 15:18 | Create | Archer |
| 15:26 | Build | House |
| 15:32 | Research | Fletching |
| 15:54 | Create | Villager (Male) |
| 15:56 | Create | Archer |
| 15:58 | Build | House |
| 16:02 | Build | House |
| 16:38 | Create | Archer |
| 16:50 | Create | Archer |
| 17:00 | Create | Villager (Male) |
| 17:03 | Build | Stable |
| 17:04 | Create | Villager (Male) |
| 17:11 | Create | Villager (Male) |
| 17:13 | Build | House |
| 17:15 | Create | Archer |
| 17:37 | Build | Farm |
| 17:40 | Build | Farm |
| 17:43 | Build | Farm |
| 18:06 | Build | Farm |
| 18:09 | Create | Archer |
| 18:22 | Create | Villager (Male) |
| 18:29 | Build | Farm |
| 18:37 | Create | Archer |
| 19:12 | Create | Archer |
| 19:12 | Create | Villager (Male) |
| 19:14 | Create | Scout Cavalry |
| 19:16 | Build | Farm |
| 19:23 | Create | Villager (Male) |
| 19:31 | Build | Watch Tower |
| 19:34 | Create | Archer |
| 19:41 | Create | Scout Cavalry |
| 19:44 | Build | Farm |
| 20:04 | Create | Villager (Male) |
| 20:16 | Create | Scout Cavalry |
| 20:23 | Create | Archer |
| 21:18 | Research | Padded Archer Armor |
| 21:31 | Create | Villager (Male) |
| 21:32 | Create | Villager (Male) |
| 21:32 | Create | Villager (Male) |
| 21:34 | Create | Archer |
| 22:16 | Create | Archer |
| 22:18 | Create | Villager (Male) |
| 22:18 | Create | Villager (Male) |
| 22:45 | Research | Town Watch |
| 22:49 | Build | Farm |
| 22:53 | Build | Market |
| 23:03 | Build | Archery Range |
| 23:03 | Create | Archer |
| 23:04 | Create | Archer |
| 23:07 | Build | House |
| 23:16 | Create | Villager (Male) |
| 23:25 | Build | House |
| 24:25 | Build | Mining Camp |
| 24:37 | Research | Castle Age |
| 24:40 | Create | Archer |
| 24:40 | Create | Archer |
| 24:41 | Create | Archer |
| 24:53 | Build | Farm |
| 26:16 | Build | Farm |
| 26:18 | Build | Farm |
| 27:17 | Age | Castle Age |
| 27:22 | Research | Crossbowman (upgrade) |
| 27:26 | Create | Villager (Male) |
| 27:29 | Create | Archer |
| 27:30 | Create | Archer |
| 27:38 | Build | Siege Workshop |
| 27:49 | Create | Archer |
| 28:17 | Create | Villager (Male) |
| 28:18 | Create | Villager (Male) |
| 28:23 | Create | Villager (Male) |
| 28:48 | Create | Villager (Male) |
| 28:54 | Create | Scorpion |
| 29:05 | Create | Villager (Male) |
| 29:08 | Create | Scorpion |
| 29:10 | Create | Villager (Male) |
| 29:25 | Create | Scorpion |
| 30:33 | Build | Castle |
| 30:42 | Create | Villager (Male) |
| 30:53 | Create | Villager (Male) |
| 31:24 | Create | Rattan Archer |
| 31:25 | Create | Rattan Archer |
| 31:38 | Build | Town Center |
| 31:41 | Create | Rattan Archer |
| 31:42 | Create | Rattan Archer |
| 31:47 | Create | Rattan Archer |
| 31:56 | Build | Farm |
| 31:58 | Build | Farm |
| 32:00 | Build | Farm |
| 32:03 | Build | Farm |
| 32:08 | Create | Rattan Archer |
| 32:17 | Build | Farm |
| 32:19 | Build | Farm |
| 32:22 | Build | Farm |
| 32:43 | Build | Town Center |
| 32:54 | Build | Farm |
| 32:59 | Create | Villager (Male) |
| 34:06 | Create | Rattan Archer |
| 34:06 | Create | Rattan Archer |
| 34:08 | Create | Rattan Archer |
| 34:08 | Create | Rattan Archer |
| 34:09 | Create | Villager (Male) |
| 34:10 | Create | Villager (Male) |
Match timeline
| 2:12 | SSx_SnowwW · wall_segment Palisade Wall x1 |
| 2:24 | SSx_SnowwW · wall_segment Palisade Wall x1 |
| 2:35 | SSx_SnowwW · wall_segment Palisade Wall x1 |
| 3:17 | SSx_KakashiXxX · wall_segment Palisade Wall x1 |
| 3:23 | SSx_SnowwW · wall_segment Palisade Wall x1 |
| 4:41 | SSx_SnowwW · wall_segment Palisade Wall x1 |
| 4:47 | SSx_SnowwW · wall_segment Palisade Wall x1 |
| 4:53 | SSx_KakashiXxX · wall_segment Palisade Wall x2 |
| 4:57 | SSx_KakashiXxX · wall_segment Palisade Wall x1 |
| 5:26 | SSx_KakashiXxX · wall_segment Palisade Wall x1 |
| 5:33 | SSx_KakashiXxX · wall_segment Palisade Wall x1 |
| 5:43 | SSx_KakashiXxX · wall_segment Palisade Wall x1 |
| 5:44 | SSx_KakashiXxX · wall_segment Palisade Wall x1 |
| 5:46 | SSx_KakashiXxX · wall_segment Palisade Wall x1 |
| 5:47 | SSx_KakashiXxX · wall_segment Palisade Wall x1 |
| 6:03 | SSx_KakashiXxX · wall_segment Palisade Wall x1 |
| 7:29 | SSx_Flexa · wall_segment Palisade Wall x4 |
| 7:32 | SSx_SnowwW · wall_segment Palisade Wall x1 |
| 7:39 | SSx_SnowwW · wall_segment Palisade Wall x1 |
| 7:39 | SSx_Flexa · wall_segment Palisade Wall x8 |
| 7:42 | SSx_KakashiXxX · wall_segment Palisade Wall x1 |
| 7:44 | SSx_KakashiXxX · wall_segment Palisade Wall x1 |
| 7:47 | SSx_KakashiXxX · wall_segment Palisade Wall x1 |
| 7:53 | SSx_KakashiXxX · wall_segment Palisade Wall x1 |
| 7:55 | SSx_KakashiXxX · wall_segment Palisade Wall x1 |
| 7:59 | SSx_Flexa · wall_segment Palisade Wall x10 |
| 8:02 | SSx_KakashiXxX · wall_segment Palisade Wall x1 |
| 8:09 | SSx_Flexa · wall_segment Palisade Wall x6 |
| 9:24 | SS_T3q · first_building Barracks |
| 9:28 | SSx_Sinistro · first_building Barracks |
| 9:29 | SSx_Flexa · wall_segment Palisade Wall x3 |
| 9:34 | SSx_Flexa · wall_segment Palisade Wall x6 |
| 9:36 | SSx_KakashiXxX · first_building Barracks |
| 9:51 | SSx_SnowwW · first_building Barracks |
| 10:29 | SSx_Sinistro · wall_segment Palisade Wall x19 |
| 10:30 | SSx_KakashiXxX · wall_segment Palisade Wall x1 |
| 11:14 | SSx_SnowwW · age_up feudal |
| 11:15 | SS_Spectro · first_building Barracks |
| 11:20 | SS_Spectro · wall_segment Palisade Wall x10 |
| 11:37 | SSx_SnowwW · first_building Archery Range |
| 11:45 | SSx_KakashiXxX · wall_segment Palisade Wall x3 |
| 11:47 | SS_Spectro · wall_segment Palisade Wall x1 |
| 11:57 | SSx_KakashiXxX · wall_segment Palisade Wall x1 |
| 12:00 | SSx_KakashiXxX · wall_segment Palisade Wall x1 |
| 12:07 | SSx_KakashiXxX · wall_segment Palisade Wall x1 |
| 12:08 | SSx_KakashiXxX · wall_segment Palisade Wall x1 |
| 12:10 | SS_T3q · age_up feudal |
| 12:11 | SSx_KakashiXxX · wall_segment Palisade Wall x1 |
| 12:13 | SSx_KakashiXxX · wall_segment Palisade Wall x1 |
| 12:17 | SSx_KakashiXxX · wall_segment Palisade Wall x1 |
| 12:29 | SS_Spectro · age_up feudal |
| 12:30 | SSx_KakashiXxX · age_up feudal |
| 12:58 | SSx_SnowwW · wall_segment Palisade Wall x1 |
| 12:59 | SSx_SnowwW · wall_segment Palisade Wall x1 |
| 12:59 | SSx_SnowwW · wall_segment Palisade Wall x1 |
| 13:01 | SS_Spectro · first_building Stable |
| 13:02 | SSx_Sinistro · age_up feudal |
| 13:17 | SSx_Sinistro · first_building Archery Range |
| 13:20 | SSx_KakashiXxX · first_building Archery Range |
| 13:22 | SSx_SnowwW · wall_segment Palisade Wall x1 |
| 13:26 | SSx_SnowwW · wall_segment Palisade Wall x1 |
| 13:46 | SS_Spectro · first_building Archery Range |
| 14:42 | SSx_Flexa · age_up feudal |
| 15:15 | SS_Spectro · wall_segment Palisade Wall x1 |
| 16:15 | SSx_Flexa · wall_segment Palisade Wall x1 |
| 17:02 | SS_Spectro · wall_segment Palisade Wall x1 |
| 17:03 | SSx_Sinistro · first_building Stable |
| 17:09 | SS_Spectro · wall_segment Palisade Wall x1 |
| 18:06 | SSx_KakashiXxX · wall_segment Palisade Wall x5 |
| 20:32 | SS_T3q · first_building Stable |
| 21:09 | SSx_KakashiXxX · first_market_sell 100 wood |
| 22:44 | SSx_SnowwW · first_market_buy 100 food |
| 23:44 | SS_T3q · age_up castle |
| 23:51 | SSx_KakashiXxX · age_up castle |
| 23:55 | SS_T3q · first_building Siege Workshop |
| 24:13 | SSx_Sinistro · first_market_buy 100 food |
| 24:19 | SSx_Sinistro · first_market_sell 100 wood |
| 24:43 | SSx_Flexa · first_market_sell 100 wood |
| 24:49 | SSx_Flexa · first_market_buy 100 food |
| 24:53 | SSx_SnowwW · wall_segment Palisade Wall x1 |
| 25:47 | SSx_SnowwW · wall_segment Palisade Wall x3 |
| 25:49 | SSx_SnowwW · age_up castle |
| 26:44 | SSx_SnowwW · first_market_sell 100 food |
| 27:05 | SSx_KakashiXxX · first_market_buy 100 wood |
| 27:17 | SSx_Sinistro · age_up castle |
| 27:26 | SSx_SnowwW · first_building Siege Workshop |
| 27:31 | SS_T3q · wall_segment Palisade Wall x1 |
| 27:38 | SSx_Sinistro · first_building Siege Workshop |
| 27:56 | SS_Spectro · age_up castle |
| 29:10 | SSx_KakashiXxX · first_building Castle |
| 30:17 | SSx_Flexa · resign |
| 30:33 | SSx_Sinistro · first_building Castle |
| 31:37 | SSx_SnowwW · wall_segment Palisade Wall x1 |
| 31:44 | SSx_SnowwW · wall_segment Palisade Wall x1 |
| 31:52 | SS_T3q · first_market_buy 100 food |
| 32:07 | SSx_SnowwW · wall_segment Palisade Wall x1 |
| 32:09 | SSx_SnowwW · wall_segment Palisade Wall x1 |
| 32:29 | SS_T3q · first_building Monastery |
| 32:34 | SSx_SnowwW · wall_segment Palisade Wall x1 |
| 34:52 | SSx_KakashiXxX · first_building Siege Workshop |
| 37:14 | SSx_KakashiXxX · age_up imperial |
| 39:07 | SS_T3q · tribute_sent a jugador 1 |
| 39:07 | SS_T3q · tribute_sent a jugador 2 |
| 39:07 | SS_T3q · tribute_sent a jugador 4 |
| 39:07 | SS_T3q · tribute_sent a jugador 5 |
| 39:07 | SS_T3q · tribute_sent a jugador 6 |
| 39:49 | SSx_KakashiXxX · wall_segment Stone Wall x3 |
| 40:36 | SS_Spectro · first_building Castle |
| 40:56 | SS_Spectro · wall_segment Stone Wall x1 |
| 40:58 | SS_Spectro · wall_segment Stone Wall x1 |
| 42:02 | SS_T3q · first_market_sell 100 wood |
| 42:48 | SS_Spectro · first_building Siege Workshop |
| 42:50 | SSx_SnowwW · first_building Monastery |
| 43:22 | SS_T3q · first_building Archery Range |
| 44:38 | SS_T3q · first_building Castle |
| 45:08 | SSx_KakashiXxX · tribute_sent a jugador 2 |
| 45:08 | SSx_KakashiXxX · tribute_sent a jugador 3 |
| 45:08 | SSx_KakashiXxX · tribute_sent a jugador 4 |
| 45:08 | SSx_KakashiXxX · tribute_sent a jugador 5 |
| 45:08 | SSx_KakashiXxX · tribute_sent a jugador 6 |
| 45:22 | SSx_KakashiXxX · tribute_sent a jugador 2 |
| 45:22 | SSx_KakashiXxX · tribute_sent a jugador 3 |
| 45:22 | SSx_KakashiXxX · tribute_sent a jugador 4 |
| 45:22 | SSx_KakashiXxX · tribute_sent a jugador 5 |
| 45:22 | SSx_KakashiXxX · tribute_sent a jugador 6 |
| 45:56 | SS_T3q · age_up imperial |
| 45:56 | SS_T3q · tribute_sent a jugador 1 |
| 45:56 | SS_T3q · tribute_sent a jugador 2 |
| 45:56 | SS_T3q · tribute_sent a jugador 4 |
| 45:56 | SS_T3q · tribute_sent a jugador 5 |
| 45:56 | SS_T3q · tribute_sent a jugador 6 |
| 45:57 | SS_Spectro · first_market_buy 100 stone |
| 46:03 | SSx_SnowwW · first_building Castle |
| 46:45 | SSx_SnowwW · age_up imperial |
| 46:59 | SS_Spectro · first_market_sell 500 food |
| 54:56 | SS_T3q · tribute_sent a jugador 1 |
| 54:56 | SS_T3q · tribute_sent a jugador 2 |
| 54:56 | SS_T3q · tribute_sent a jugador 4 |
| 54:56 | SS_T3q · tribute_sent a jugador 5 |
| 54:56 | SS_T3q · tribute_sent a jugador 6 |
| 55:15 | SS_Spectro · age_up imperial |
| 59:57 | SSx_Sinistro · age_up imperial |
| 61:37 | SSx_KakashiXxX · first_building Stable |
[ AI ANALYSIS · 1 CREDIT ]
What really happened in this match?
Wolo.gg analyzes every decision: build order, eco, micro, common mistakes by bracket. Personalized analysis on WhatsApp or Discord in 30 seconds.
Civ guide
Romans
Perfil
Jugador #3220053